 Dungeon Crawl Stone Soup version 0.28.0 (webtiles) character file.

Game seed: 11955951486355029308

514 Sanktem7 the Chopper (level 7, -4/61 HPs)
             Began as a Minotaur Fighter on Feb 17, 2022.
             Slain by an orc (5 damage)
             ... on level 5 of the Dungeon.
             The game lasted 00:07:35 (3831 turns).

Sanktem7 the Chopper (Minotaur Fighter)             Turns: 3831, Time: 00:07:35

Health: -4/61      AC:  9    Str: 22    XL:     7   Next: 0%
Magic:  6/6        EV:  7    Int:  5    God:
Gold:   89         SH:  4    Dex: 10    Spells: 6/6 levels left

rFire   . . .      SeeInvis .   a - +0 war axe (spect)
rCold   . . .      Faith    .   c - +0 buckler
rNeg    . . .      Spirit   .   q - +0 chain mail
rPois   .          Reflect  .   (helmet restricted)
rElec   .          Harm     .   o - scarf {repulsion}
rCorr   .          Rampage  .   (no gloves)
Will    .....                   (no boots)
Stlth   ..........              (no amulet)
HPRegen 0.20/turn               (no ring)
MPRegen 0.10/turn               (no ring)

@: repel missiles
A: horns 2, retaliatory headbutt
a: no special abilities


You were on level 5 of the Dungeon.
You visited 1 branch of the dungeon, and saw 5 of its levels.

You collected 149 gold pieces.
You spent 60 gold pieces at shops.

Inventory:

Hand Weapons
 a - a +0 spectral war axe (weapon)
Armour
 c - a +0 buckler (worn)
 o - a scarf of repulsion (worn)
 q - a +0 chain mail (worn)
Scrolls
 b - a scroll of fog
 g - a scroll of amnesia
 j - 2 scrolls of teleportation
 l - a scroll of immolation
Potions
 d - a potion of might
 e - a potion of cancellation {unknown}
 k - 2 potions of haste
 m - a potion of resistance
 n - 2 potions of attraction
 p - 2 potions of heal wounds
 r - 2 potions of flight
 s - a potion of invisibility {unknown}


   Skills:
 * Level 5.5 Fighting
 * Level 6.5 Axes
 + Level 5.3 Armour
 - Level 0.9 Dodging
 - Level 0.1 Stealth
 - Level 4.2 Shields


You had 6 spell levels left.
You didn't know any spells.
Your spell library contained the following spells:

 Spells                   Type           Power      Damage    Failure   Level
 Magic Dart               Conj           0%         1d3       99%         1
 Sting                    Tmut/Pois      0%         1d3       99%         1
 Searing Ray              Conj           0%         2d4       100%        2
 Ignite Poison            Fire/Tmut/Pois 0%         N/A       100%        3
 Mephitic Cloud           Conj/Pois/Air  0%         N/A       100%        3
 Fulminant Prism          Conj/Hex       0%         3d6       100%        4
 Summon Lightning Spire   Summ/Air       0%         N/A       100%        4
 Freezing Cloud           Conj/Ice/Air   0%         6-21      100%        5
 Summon Cactus Giant      Summ           0%         N/A       100%        6
 Summon Horrible Things   Summ           0%         N/A       100%        8


Dungeon Overview and Level Annotations

Branches:
Dungeon (5/15)
 Temple: D:4-7

Altars:
Hepliaklqana

Shops:
D:4 ?   D:5 ?=


Innate Abilities, Weirdness & Mutations

You have a pair of horns on your head.
You reflexively headbutt those who attack you in melee.


Message History

Beogh smites you!
The orc hits you from afar with a +0 trident.
The orc hits you but does no damage.
You closely miss the orc. The orc hits you but does no damage.
The orc hits you with a +0 flail.
You slash the orc!
You kill the orc!
The orc hits you but does no damage.
You closely miss the orc priest. The orc priest hits you with a +0 club.
The orc hits you from afar with a +0 trident!
* * * LOW HITPOINT WARNING * * *
The orc priest hits you with a +0 club.
* * * LOW HITPOINT WARNING * * *
You barely miss the orc priest. The orc hits you but does no damage.
The orc priest hits you but does no damage.
The orc barely misses you.
You hit the orc priest.
The orc priest is lightly wounded.
You block the orc priest's attack.
The orc hits you from afar with a +0 trident.
* * * LOW HITPOINT WARNING * * *
You hit the orc priest.
The orc priest is lightly wounded.
The orc priest hits you but does no damage.
The orc hits you from afar with a +0 trident.
* * * LOW HITPOINT WARNING * * *
You closely miss the orc priest. You headbutt the orc priest.
The orc priest is heavily wounded.
The orc priest hits you with a +0 club.
* * * LOW HITPOINT WARNING * * *
The orc completely misses you.
The orc priest hits you but does no damage.
You slash the orc priest!
You kill the orc priest!
The orc hits you but does no damage.
You have reached level 7!
You slash the orc!
You kill the orc!
The orc hits you from afar with a +0 trident.
You die...

#.........###
###
#.#.#..#####
..##.##.......?
#.#.#.#.######
######......#
#......#.####
#.#####.## #.#
### #@# #)# o..
.?∩?. ....?.#
.......#
#.....###
##...##


You could see an orc.

Vanquished Creatures
  A centaur (D:5)
  A bullfrog (D:4)
  A scorpion (D:5)
  2 hounds
  3 jellies
  An orc priest (D:5)
  Jessica (D:2)
  4 adders
  An ufetubus (D:4)
  A dart slug (D:4)
  5 orcs
  5 endoplasms
  A giant cockroach (D:2)
  7 goblins
  8 hobgoblins
  10 kobolds
  4 quokkas
  4 ball pythons
  7 bats
  A frilled lizard (D:3)
  5 rats
73 creatures vanquished.

Notes
Turn   | Place    | Note
-------+----------+-------------------------------------------
     0 | D:1      | Sanktem7 the Minotaur Fighter began the quest for the Orb.
     0 | D:1      | Reached XP level 1. HP: 19/19 MP: 0/0
   171 | D:1      | Reached XP level 2. HP: 27/27 MP: 1/1
   513 | D:1      | Got the Handbook of Creative Intoxication
   633 | D:1      | Found a faded altar of an unknown god.
   633 | D:1      | Found a faded altar of an unknown god.
   952 | D:2      | Reached XP level 3. HP: 14/33 MP: 2/2
  1331 | D:2      | Reached skill level 3 in Axes
  1352 | D:2      | Noticed Jessica
  1359 | D:2      | Killed Jessica
  1486 | D:2      | Reached XP level 4. HP: 40/40 MP: 3/3
  2325 | D:3      | Reached skill level 4 in Axes
  2712 | D:4      | Reached XP level 5. HP: 45/47 MP: 4/4
  2737 | D:4      | Reached skill level 5 in Axes
  3397 | D:4      | Reached XP level 6. HP: 54/55 MP: 5/5
  3574 | D:4      | Found Jinipn's Magic Scroll Boutique.
  3645 | D:4      | Bought 3 scrolls of identify for 60 gold pieces
  3706 | D:5      | Entered Level 5 of the Dungeon
  3706 | D:5      | Found Juvve's Jewellery Emporium.
  3713 | D:5      | Reached skill level 5 in Fighting
  3773 | D:5      | Found a hazy altar of Hepliaklqana.
  3776 | D:5      | Reached skill level 6 in Axes
  3776 | D:5      | Reached skill level 5 in Armour
  3813 | D:5      | Found Utotam's Magic Scroll Shop.
  3829 | D:5      | HP: 1/56 [orc priest (4)]
  3831 | D:5      | Reached XP level 7. HP: 1/61 MP: 6/6
  3831 | D:5      | Slain by an orc

Illustrated notes

Levels and vault maps discovered:
D:1:      amcnicky_arrival_feature_with_door, layout_basic,
          hellmonk_ecumenical_altar_the_god_not_taken, minmay_bisected
D:2:      layout_loops_ring, uniq_jessica
D:3:      layout_loops_ring, lemuel_old_faithful
D:4:      layout_basic, serial_shops, shop_fountains
D:5:      layout_loops_ring, mainiacjoe_overflow_small_starburst, serial_shops,
          shop_statue, shop_scrolls, enter_ossuary_3, portal_sewer_entry_d,
          moated_statue

Skill      XL: |  1  2  3  4  5  6 |
---------------+-------------------+-----
Fighting       | 4 5 |  5.5
Shields        | 4 |  4.2
Axes           | 3 4 5 6 |  6.5
Armour         | 4 5 |  5.3
Dodging        | |  0.9
Stealth        | |  0.1

Action                   |  1- 3 |  4- 6 |  7- 9 || total
-------------------------+-------+-------+-------++-------
Melee: War axe           |    74 |    93 |     1 ||   168
       Headbutt          |     9 |    12 |       ||    21
  Use: Scroll            |       |    11 |       ||    11
Armor: Scale mail        |    52 |    25 |       ||    77
       Chain mail        |       |    33 |       ||    33
Dodge: Dodged            |    36 |    37 |       ||    73
Block: Buckler           |    27 |    14 |       ||    41
